[Event "Team 45 45 League T32"]
[Site "Internet Chess Club"]
[Date "2007.01.27"]
[Round "2"]
[White "room-matt"]
[Black "Silenita"]
[Result "1-0"]
[WhiteElo "1865"]
[BlackElo "1824"]
[ECO "B32"]
[TimeControl "2700+45"]

1. e4 c5 2. Nf3 Nc6 3. d4 cxd4 4. Nxd4 e5 5. Nb5 a6 6. Nd6+ Bxd6 7. Qxd6 Qf6 8.
Qd1 Qg6 9. Nc3 Nge7 10. f3 O-O 11. Be3 d6 12. Qd2 f5 13. O-O-O Rd8 14. Bc4+ Be6
15. Bxe6+ Qxe6 16. Bb6 Rd7 17. Kb1 Nc8 18. Nd5 fxe4 19. Nc7 Rxc7 20. Bxc7 exf3
21. gxf3 Nd4 22. Rhf1 Qf5 23. f4 Qd7 24. Ba5 Qb5 25. Bc3 Nb6 26. Bxd4 Nc4 27.
Qc3 exd4 28. Qxd4 Rc8 29. Rf2 Qf5 30. Rg1 g6 31. h4 Qc5 32. Qxc5 dxc5 33. b3 Nd6
34. Rd2 Ne4 35. Rd7 Rf8 36. Rxb7 Rxf4 37. h5 g5 38. h6 Rf6 39. Re1 Nd6 40. Rg7+
Kh8 41. Ra7 Rxh6 42. Ree7 Rg6 43. Rxh7+ Kg8 44. Rhc7 Ne8 45. Rxc5 g4 46. Rc8 Re6
47. Rc4 Rg6 48. Rf4 g3 49. Ra8 g2 50. Rxe8+ Kg7 51. Re1 g1=Q 52. Rxg1 Rxg1+ 53.
Kb2 Rg5 54. c4 Rg2+ 55. Ka3 Rc2 56. b4 Kg6 57. Rd4 Kf5 58. c5 Ke5 59. Rd8 a5 60.
Kb3 Rc1 61. a3 axb4 62. axb4 Ke6 63. Ka4 Ke7 64. Rd6 Rc4 65. Kb5 Rg4 66. Ra6 Kd8
67. Ka5 Kc7 68. b5 Rc4 69. c6 Rc2 70. Ra7+ Kc8 71. Kb6 Kd8 72. Ra8+ Ke7 73. c7
Kd7 74. Rd8+ {Black resigns} 1-0

[Event "Team 45 45 League T32"]
[Site "Internet Chess Club"]
[Date "2007.01.28"]
[Round "2"]
[White "RedAttack"]
[Black "burnsja2003"]
[Result "1-0"]
[WhiteElo "1821"]
[BlackElo "1772"]
[ECO "D37"]
[TimeControl "2700+45"]

1. d4 d5 2. c4 e6 3. Nf3 Nf6 4. Nc3 Be7 5. g3 O-O 6. Bg2 c5 7. cxd5 exd5 8. O-O
Nc6 9. Bf4 a6 10. Re1 h6 11. e4 Bg4 12. e5 Ne8 13. h3 Be6 14. Qd2 b5 15. g4 c4
16. g5 h5 17. a3 Na5 18. Qe2 g6 19. h4 Nc7 20. Nd2 Bg4 21. f3 Bf5 22. Qf2 Ne6
23. Be3 Rb8 24. f4 Nc7 25. Nf1 Nb3 26. Rad1 b4 27. axb4 Bxb4 28. Ng3 Bxc3 29.
bxc3 Bd3 30. f5 Nb5 31. Bd2 a5 32. e6 Rb7 33. Re5 fxe6 34. Rxe6 gxf5 35. Nxh5
Nxd2 36. Qxd2 Be4 37. Rg6+ Kh8 38. Nf6 Rb6 39. Rh6+ Kg7 40. Rh7+ Kg6 41. h5#
{Black checkmated} 1-0

[Event "Team 45 45 League T32"]
[Site "Internet Chess Club"]
[Date "2007.01.28"]
[Round "2"]
[White "jacknor"]
[Black "HKNIGHT"]
[Result "0-1"]
[WhiteElo "1558"]
[BlackElo "1613"]
[ECO "A36"]
[TimeControl "2700+45"]

1. c4 c5 2. g3 Nc6 3. Bg2 g6 4. Nc3 Bg7 5. a3 e6 6. Rb1 d6 7. b4 Rb8 8. b5 Nce7
9. e4 Nf6 10. Nge2 O-O 11. O-O b6 12. d3 Bb7 13. a4 Nd7 14. f4 f5 15. Bb2 Nf6
16. d4 Nxe4 17. Nxe4 Bxe4 18. Bxe4 fxe4 19. dxc5 dxc5 20. Bxg7 Kxg7 21. Qc2 Qd3
22. Qb2+ Kf7 23. g4 Qxc4 24. Ng3 Rbd8 25. Rfd1 Qxa4 26. Re1 Qd4+ 27. Kf1 Qxb2
28. Rxb2 Rd4 29. Nxe4 Kg7 30. f5 gxf5 31. gxf5 Rxf5+ 32. Nf2 Kf7 33. Ra2 Rd7 34.
Rae2 Rf6 35. Kg2 Rg6+ 36. Kh1 Nd5 37. Nh3 Ke7 38. Re4 h6 39. Rh4 Kd8 40. Rhe4
Re7 41. Rd1 Ke8 42. Rh4 Rf7 43. Re1 Ke7 44. Ra4 Kd6 45. Rd1 Rgf6 46. Rda1 Rf1+
47. Rxf1 Rxf1+ 48. Kg2 Rf7 49. Ra2 Ne3+ 50. Kg3 Nd5 51. Nf2 Rg7+ 52. Kf3 e5 53.
Ne4+ Ke6 54. Rd2 Rf7+ 55. Kg3 Rf4 56. Nf2 Rd4 57. Ra2 Rb4 58. Rxa7 Rxb5 59. Rh7
Rb3+ 60. Kh4 h5 61. Rxh5 Rb4+ 62. Kg3 Rb3+ 63. Kh4 Nf4 64. Rh6+ Kd5 65. Kg5 Ne6+
66. Kh4 c4 67. Nd1 b5 68. Kg4 Rd3 69. Nf2 Rd4+ 70. Kf3 c3 71. Rh8 c2 72. Rc8 Nc5
{White resigns} 0-1

[Event "Team 45 45 League T32"]
[Site "Internet Chess Club"]
[Date "2007.01.28"]
[Round "2"]
[White "isolani"]
[Black "twintower"]
[Result "1-0"]
[WhiteElo "1675"]
[BlackElo "1520"]
[ECO "C00"]
[TimeControl "2700+45"]

1. e4 e6 2. d3 d5 3. Qe2 Nf6 4. e5 Nfd7 5. d4 c5 6. c3 Qb6 7. Nf3 Nc6 8. Be3 f6
9. exf6 Nxf6 10. Qb5 cxd4 11. Qxb6 axb6 12. cxd4 Bb4+ 13. Nc3 Ne4 14. Bd2 Nxd2
15. Kxd2 Rf8 16. a3 Bd7 17. Bd3 h6 18. axb4 Rxa1 19. Rxa1 Ke7 20. b5 Na5 21. Ke3
Ra8 22. Ra3 {Black resigns} 1-0

[Event "Team 45 45 League T32"]
[Site "Internet Chess Club"]
[Date "2007.01.28"]
[Round "2"]
[White "camembert"]
[Black "Hazy"]
[Result "0-1"]
[WhiteElo "1952"]
[BlackElo "1925"]
[ECO "E46"]
[TimeControl "2700+45"]

1. d4 Nf6 2. c4 e6 3. Nc3 Bb4 4. e3 O-O 5. Ne2 c5 6. a3 cxd4 7. exd4 Be7 8. Nf4
b6 9. Qf3 Nc6 10. Be3 Bb7 11. d5 exd5 12. Nfxd5 Re8 13. Be2 Kh8 14. Qg3 Rc8 15.
b4 d6 16. Nxe7 Qxe7 17. O-O Ne5 18. Nb5 a6 19. Nd4 Ne4 20. Qh3 Nxc4 21. Nf5 Qf6
22. Bd4 Ng5 23. Bxf6 Nxh3+ 24. gxh3 gxf6 25. Bxc4 Rg8+ 26. Ng3 Rxc4 27. f4 h5
28. h4 Rg4 29. Rad1 d5 30. Rde1 Bc6 31. Re7 Kg7 32. Ra7 Rc2 33. Rf2 Rc1+ 34. Rf1
Rc3 35. Re1 Rc2 36. Ree7 d4 37. Rxf7+ Kg8 38. Kf1 Rxh2 39. Nxh5 Bb5+ 40. Ke1
Rg1# {White checkmated} 0-1

[Event "Team 45 45 League T32"]
[Site "Internet Chess Club"]
[Date "2007.01.28"]
[Round "2"]
[White "Avedldesierto"]
[Black "qs16"]
[Result "1/2-1/2"]
[WhiteElo "1645"]
[BlackElo "1883"]
[ECO "B90"]
[TimeControl "2700+45"]

1. e4 c5 2. Nf3 d6 3. d4 cxd4 4. Nxd4 Nf6 5. Nc3 a6 6. Be3 e5 7. Nf3 Qc7 8. Bd3
Be6 9. O-O Nbd7 10. Ng5 Bc4 11. Bxc4 Qxc4 12. Qd3 Rc8 13. Qxc4 Rxc4 14. f3 h6
15. Nh3 Be7 16. Rfd1 O-O 17. a3 Rfc8 18. Nf2 R4c6 19. Nd3 a5 20. Ne1 Nb6 21.
Bxb6 Rxb6 22. Nd3 g5 23. h3 Kg7 24. g4 Bd8 25. Rd2 Rbc6 26. Ne1 Bb6+ 27. Kg2 Bd4
28. Rb1 Rb6 29. Na4 Rbc6 30. Nc3 Rb6 31. Na4 Rbc6 32. Nc3 {Game drawn by
repetition} 1/2-1/2

[Event "Team 45 45 League T32"]
[Site "Internet Chess Club"]
[Date "2007.01.31"]
[Round "2"]
[White "Rainbird"]
[Black "HoHo"]
[Result "0-1"]
[WhiteElo "1750"]
[BlackElo "1752"]
[ECO "D35"]
[TimeControl "2700+45"]

1. d4 d5 2. c4 e6 3. Nc3 Nf6 4. cxd5 exd5 5. Bg5 Be7 6. e3 c6 7. Bd3 Nbd7 8. Qc2
Qb6 9. Nge2 h6 10. Bh4 Bb4 11. O-O O-O 12. a3 Be7 13. b4 Qd8 14. b5 Nb8 15. a4
Be6 16. f3 a6 17. Kh1 axb5 18. axb5 Rxa1 19. Rxa1 cxb5 20. Nxb5 Nc6 21. Be1 Qb6
22. Qb1 Rc8 23. Bd2 Qd8 24. Na7 Nxa7 25. Rxa7 b6 26. Bb4 Bxb4 27. Qxb4 Rb8 28.
h3 Bd7 29. Nf4 Be8 30. Ne2 b5 31. Nc3 Qc8 32. Bxb5 Bxb5 33. Nxb5 Qc1+ 34. Kh2
Qxe3 35. Qc5 Qf4+ 36. Kh1 Re8 37. Ra1 Re2 38. Qd6 Qg5 39. Rg1 Nh5 40. Kh2 Nf4
{White resigns} 0-1

[Event "Team 45 45 League T32"]
[Site "Internet Chess Club"]
[Date "2007.01.28"]
[Round "2"]
[White "chiiwen"]
[Black "six-killer"]
[Result "1/2-1/2"]
[WhiteElo "1851"]
[BlackElo "1709"]
[ECO "B26"]
[TimeControl "2700+45"]

1. e4 c5 2. Nc3 Nc6 3. g3 g6 4. Bg2 Bg7 5. d3 d6 6. Be3 Rb8 7. Qd2 e6 8. Nge2
Nd4 9. O-O b5 10. Nd1 Ne7 11. c3 Nxe2+ 12. Qxe2 O-O 13. f4 b4 14. d4 Qa5 15. Re1
bxc3 16. bxc3 cxd4 17. cxd4 Ba6 18. Qf2 Nc6 19. e5 d5 20. Bd2 Qb6 21. Bc3 Rfc8
22. Nb2 Nb4 23. Na4 Qb5 24. Bxb4 Qxb4 25. Nc5 Bc4 26. Nd7 Rb7 27. Nc5 Rbc7 28.
Rab1 Qa3 29. Rb2 Bf8 30. Re3 Qa5 31. Nb3 Bxb3 32. Rexb3 Rc1+ 33. Bf1 Ba3 34. Re2
Bb4 35. Kg2 Kg7 36. g4 Be1 37. Qf3 R8c3 38. Rxc3 Rxc3 39. Re3 Qxa2+ 40. Be2 Rxe3
41. Qxe3 Qd2 42. Qxd2 Bxd2 43. Kf3 Kf8 44. Bd3 Ke7 45. f5 gxf5 {Game drawn by
mutual agreement} 1/2-1/2

[Event "Team 45 45 League T32"]
[Site "Internet Chess Club"]
[Date "2007.01.30"]
[Round "2"]
[White "Razorbackchess"]
[Black "fledermaus"]
[Result "1/2-1/2"]
[WhiteElo "1894"]
[BlackElo "1990"]
[ECO "A25"]
[TimeControl "2700+45"]

1. c4 e5 2. g3 Nc6 3. Bg2 g6 4. Nc3 Bg7 5. e4 Nge7 6. Nge2 O-O 7. O-O d6 8. d3
f5 9. Nd5 Nxd5 10. cxd5 Ne7 11. d4 fxe4 12. dxe5 Bxe5 13. Bxe4 Bh3 14. Bg2 Bxg2
15. Kxg2 Nf5 16. Nf4 Nh4+ 17. Kh1 Bxf4 18. Bxf4 Rxf4 19. gxf4 Qd7 20. Qd3 Rf8
21. Qg3 Nf5 22. Qd3 c5 23. Rae1 Nd4 24. Re4 Qf7 25. Rxd4 cxd4 26. Qxd4 Qxf4 27.
Qxf4 Rxf4 28. Kg2 Rf5 {Game drawn by mutual agreement} 1/2-1/2

[Event "Team 45 45 League T32"]
[Site "Internet Chess Club"]
[Date "2007.01.27"]
[Round "2"]
[White "Flying-Tiger"]
[Black "Electryon"]
[Result "1-0"]
[WhiteElo "1923"]
[BlackElo "1741"]
[ECO "C10"]
[TimeControl "2700+45"]

1. e4 e6 2. d4 d5 3. Nc3 dxe4 4. Nxe4 Nd7 5. Nf3 Ngf6 6. Bd3 Nxe4 7. Bxe4 Nf6 8.
Bg5 Be7 9. Bxf6 Bxf6 10. Qd3 g6 11. Bxb7 Rb8 12. Bxc8 Qxc8 13. Rb1 O-O 14. O-O
c5 15. c3 Rd8 16. Qe4 cxd4 17. Nxd4 Bxd4 18. cxd4 Qc4 19. Rfd1 Qxa2 20. b4 Qc4
21. Rbc1 Qxb4 22. Rc7 a5 23. Qf3 Rf8 24. h4 a4 25. h5 a3 26. h6 a2 27. Qf6
{Black resigns} 1-0

[Event "Team 45 45 League T32"]
[Site "Internet Chess Club"]
[Date "2007.01.28"]
[Round "2"]
[White "rubo"]
[Black "GoIrish"]
[Result "1-0"]
[WhiteElo "1850"]
[BlackElo "1678"]
[ECO "A02"]
[TimeControl "2700+45"]

1. f4 Nf6 2. Nf3 Nc6 3. e3 d6 4. b3 g6 5. Bb2 Bg7 6. Bb5 Bd7 7. O-O O-O 8. Nc3
e6 9. Ne2 Qe7 10. Qc1 Rad8 11. Ng3 e5 12. Bxc6 Bxc6 13. fxe5 dxe5 14. Nxe5 Qd6
15. Nxc6 Qxc6 16. Rf3 Rd6 17. Ba3 Rfd8 18. Bxd6 Qxd6 19. d4 Bh6 20. c4 Re8 21.
Qc3 Ng4 22. Re1 Qe7 23. e4 c5 24. h3 Bg7 25. e5 cxd4 26. Qxd4 Nxe5 27. Rxe5 Bxe5
28. Qg4 Bxg3 29. Qxg3 Qe1+ 30. Qxe1 Rxe1+ 31. Kf2 Ra1 32. a4 f5 33. Kg3 Kf7 34.
Kf4 Re1 35. g4 Re4+ 36. Kg5 Ke6 37. gxf5+ gxf5 38. Rxf5 Re3 39. Rb5 b6 40. h4
Rg3+ 41. Kh6 Rh3 42. h5 Kf6 43. Kxh7 Kf7 44. h6 Rf3 45. b4 Ke6 46. a5 Rf7+ 47.
Kg8 Ke7 48. Re5+ Kf6 49. Rf5+ {Black resigns} 1-0

[Event "Team 45 45 League T32"]
[Site "Internet Chess Club"]
[Date "2007.01.30"]
[Round "2"]
[White "Grenadier"]
[Black "Changuito-77"]
[Result "1-0"]
[WhiteElo "1722"]
[BlackElo "1782"]
[ECO "C37"]
[TimeControl "2700+45"]

1. e4 e5 2. f4 exf4 3. Nf3 g5 4. Bc4 Nc6 5. d4 Bg7 6. c3 h6 7. b4 d6 8. Qb3 Qe7
9. O-O g4 10. Ne1 Nxd4 11. Qd1 Nc6 12. Rxf4 Nf6 13. Nd2 Qe5 14. Nd3 Qe7 15. Bb2
Bd7 16. Qb3 Ne5 17. Nxe5 dxe5 18. Rff1 Rf8 19. Ba3 c6 20. Rad1 b5 21. Bd3 O-O-O
22. c4 Be6 23. Qc3 Qc7 24. cxb5 cxb5 25. Qxc7+ Kxc7 26. Bxb5 h5 27. Rfe1 Bxa2
28. Ba4 Nd7 29. Bb3 Bxb3 30. Nxb3 Rfe8 31. Na5 Re6 32. Rc1+ Kb8 33. Nc6+ Kc8 34.
Nd4+ Kb7 35. Nxe6 fxe6 36. Red1 Bh6 37. Rc3 Bg5 38. b5 Kb6 39. Rc6+ Kxb5 40.
Rxe6 Be3+ 41. Kf1 Bd4 42. Rh6 Rf8+ 43. Bxf8 {Black resigns} 1-0

[Event "Team 45 45 League T32"]
[Site "Internet Chess Club"]
[Date "2007.01.25"]
[Round "2"]
[White "NFork"]
[Black "chesskilleruk"]
[Result "1-0"]
[WhiteElo "2287"]
[BlackElo "2330"]
[ECO "D45"]
[TimeControl "2700+45"]

1. d4 d5 2. c4 c6 3. Nf3 Nf6 4. Nc3 e6 5. e3 Nbd7 6. Be2 Bd6 7. O-O O-O 8. b3
Qe7 9. Bb2 dxc4 10. bxc4 e5 11. Qc2 Re8 12. Rfe1 e4 13. Nd2 b6 14. f3 exf3 15.
Bxf3 Rb8 16. e4 Bb7 17. e5 Bxe5 18. dxe5 Nxe5 19. Rxe5 Qxe5 20. Nd5 Qg5 21.
Nxf6+ gxf6 22. Ne4 Qe3+ 23. Kf1 Rxe4 24. Qxe4 Qg5 25. Qg4 Kf8 26. Qxg5 fxg5 27.
Bf6 h6 28. Rd1 Ba6 29. Be2 Ke8 30. a4 c5 31. Rd5 Bb7 32. Rd6 Be4 33. Bd3 Bb7 34.
g3 Bf3 35. Bf5 a6 36. Kf2 g4 37. Ke3 h5 38. Be4 {Black resigns} 1-0

[Event "Team 45 45 League T32"]
[Site "Internet Chess Club"]
[Date "2007.01.27"]
[Round "2"]
[White "JustinSane"]
[Black "NoLuckOnlySkill"]
[Result "1-0"]
[WhiteElo "2295"]
[BlackElo "2041"]
[ECO "E90"]
[TimeControl "2700+45"]

1. d4 Nf6 2. c4 g6 3. Nc3 Bg7 4. e4 d6 5. Nf3 O-O 6. h3 c6 7. Bg5 Qc7 8. Be2 e5
9. d5 Nbd7 10. Nd2 a5 11. g4 Nc5 12. Qc2 Bd7 13. f3 Rfb8 14. Be3 a4 15. O-O Qd8
16. Rab1 h6 17. b4 axb3 18. axb3 Nh7 19. b4 Na6 20. Qb3 Qh4 21. Kg2 Kh8 22. c5
dxc5 23. bxc5 f5 24. Nc4 fxg4 25. fxg4 h5 26. Nb6 hxg4 27. hxg4 Bxg4 28. Rh1 Qe7
29. Bxg4 Nxc5 30. Rxh7+ Kxh7 31. Rh1+ Kg8 32. Bxc5 Qxc5 33. d6+ {Black resigns}
1-0

[Event "Team 45 45 League T32"]
[Site "Internet Chess Club"]
[Date "2007.01.27"]
[Round "2"]
[White "bahus"]
[Black "The7thGuest"]
[Result "0-1"]
[WhiteElo "1921"]
[BlackElo "2127"]
[ECO "B21"]
[TimeControl "2700+45"]

1. e4 c5 2. d4 cxd4 3. c3 dxc3 4. Nxc3 e6 5. Nf3 Nc6 6. Bc4 Bb4 7. O-O Nge7 8.
Bg5 O-O 9. Qe2 a6 10. a4 Bxc3 11. bxc3 f6 12. Be3 d5 13. Rfd1 Qa5 14. exd5 exd5
15. Bd3 Bg4 16. Qb2 Qc7 17. Be2 Rab8 18. h3 Be6 19. Bb6 Qf4 20. Nd4 Nxd4 21.
Rxd4 Qg5 22. h4 Qe5 23. Qd2 Nc6 24. Rd3 Qd6 25. c4 Ne5 26. c5 Qc6 27. Rg3 Nc4
28. Qh6 Rf7 29. Bh5 Rd7 30. Qf4 Rf8 31. a5 Nxb6 32. cxb6 Qd6 33. Qd2 Qe5 34. Qd1
d4 35. Be2 Rfd8 36. Bd3 Bf5 37. Qd2 Bxd3 38. Rxd3 Rd5 39. Ra4 Qe4 40. g3 Rb5 41.
f3 Qc6 42. Kg2 Rc5 43. Ra2 Rc3 44. Rxc3 Qxc3 45. Qxc3 dxc3 46. Kf2 Rd2+ 47. Rxd2
cxd2 48. Ke2 Kf7 49. Kxd2 Ke6 50. Kc3 Kd5 51. Kb4 g5 52. hxg5 fxg5 53. g4 Kd4
54. Kb3 Kc5 {White resigns} 0-1

[Event "Team 45 45 League T32"]
[Site "Internet Chess Club"]
[Date "2007.01.27"]
[Round "2"]
[White "livis"]
[Black "aksuw"]
[Result "1/2-1/2"]
[WhiteElo "2237"]
[BlackElo "2074"]
[ECO "B07"]
[TimeControl "2700+45"]

1. e4 d6 2. d4 Nf6 3. Bd3 e5 4. c3 d5 5. exd5 Qxd5 6. dxe5 Qxg2 7. Qf3 Qxf3 8.
Nxf3 Nd5 9. Be4 Nb6 10. Bf4 Nc6 11. Nbd2 Be6 12. b3 Ba3 13. Rb1 Nd5 14. Bxd5
Bxd5 15. O-O a5 16. Nd4 Nxd4 17. cxd4 O-O 18. Nc4 Be7 19. f3 a4 20. Ne3 Rfd8 21.
Nxd5 Rxd5 22. Be3 axb3 23. Rxb3 Rxa2 24. Rxb7 Rc2 25. Ra1 f6 26. e6 Kf8 27. Ra8+
Bd8 28. f4 Ke7 29. Rbb8 Re2 30. Bf2 Rxe6 31. Kg2 Rb6 32. Rc8 Re6 33. Kf3 g6 34.
Be3 h6 35. h4 h5 36. Ke2 Rxd4 37. Kf2 Rd5 38. Bc1 Rb6 39. Ba3+ Ke8 40. Rxc7 Rd7
41. Rc2 Re6 42. Rc3 Kf7 43. Kf3 Be7 44. Rh8 Kg7 45. Ra8 Bxa3 46. Rcxa3 Red6 47.
Ke3 Re7+ 48. Kf3 Rd2 49. Rc8 Rde2 50. Rb3 Kf7 51. Ra3 Re8 52. Rc7+ R8e7 53. Rc8
Re8 54. Rc6 Re1 55. Rb3 Rf1+ 56. Kg3 Rg1+ 57. Kf2 Rg4 58. Kf3 Rxh4 59. Rbb6 Rg4
60. Rxf6+ Kg7 61. f5 gxf5 62. Rxf5 Rh4 63. Rg5+ Kh7 64. Kg3 Rh1 65. Kg2 Ree1 66.
Rc5 Reg1+ 67. Kf3 Rg7 68. Rcc6 Rh3+ 69. Kf4 Rg4+ 70. Kf5 Rf3+ 71. Ke5 h4 72. Rb8
h3 73. Rcc8 Rg7 74. Ke4 Ra3 75. Kf5 Rga7 76. Rh8+ Kg7 77. Rbg8+ Kf7 78. Rf8+ Ke7
79. Re8+ Kd7 80. Re2 Rf3+ 81. Kg4 Raa3 82. Rd2+ Ke6 83. Re8+ Kf7 84. Re4 Rg3+
85. Kh4 Rg2 86. Rf4+ Ke6 87. Rd1 h2 88. Re1+ Kd5 89. Rg4 Rf2 90. Rg3 Ra8 91.
Rg5+ Kc4 92. Kg3 Raa2 93. Kh3 Rae2 94. Rh1 Rf3+ 95. Rg3 Rf7 96. Rg4+ Kd5 97. Kg3
Rb7 98. Rh4 Rb3+ 99. Kg4 Rg2+ 100. Kh5 Rb8 101. Rd1+ Ke5 102. Re1+ Kf6 103. Rf4+
Kg7 104. Rg4+ Rxg4 105. Kxg4 Rh8 106. Rh1 {Game drawn by mutual agreement}
1/2-1/2

[Event "Team 45 45 League T32"]
[Site "Internet Chess Club"]
[Date "2007.01.29"]
[Round "2"]
[White "Phoenix45"]
[Black "Sir-Knightly"]
[Result "0-1"]
[WhiteElo "2341"]
[BlackElo "2420"]
[ECO "E20"]
[TimeControl "2700+45"]

1. d4 e6 2. c4 Nf6 3. Nc3 Bb4 4. f3 c5 5. d5 Bxc3+ 6. bxc3 Qa5 7. Bd2 d6 8. e4
O-O 9. Ne2 b5 10. cxb5 Qxb5 11. Ng3 c4 12. dxe6 fxe6 13. Be3 d5 14. Be2 Nc6 15.
O-O Qa5 16. Qc2 Rb8 17. f4 Nd7 18. Bf3 Ne7 19. Rad1 Nc5 20. Nh5 Nd3 21. Rxd3
dxe4 22. Bxe4 cxd3 23. Qd1 Qxc3 24. Bxa7 Rb2 25. Qxd3 Qxd3 26. Bxd3 Nd5 27. Bc4
Rf7 28. Bxd5 exd5 29. Bd4 Rxa2 30. Re1 Rc7 31. f5 Bxf5 32. Ng3 Be4 33. Nxe4 dxe4
34. h4 Rcc2 35. Rxe4 Rxg2+ 36. Kh1 Rge2 37. Rg4 Re1+ 38. Bg1 Raa1 39. Kh2 Rxg1
40. Rxg1 Rxg1 41. Kxg1 Kf7 42. Kg2 Kg6 43. Kg3 Kf5 44. Kf3 h5 {White resigns}
0-1

[Event "Team 45 45 League T32"]
[Site "Internet Chess Club"]
[Date "2007.01.26"]
[Round "2"]
[White "Allessia"]
[Black "ZombieRagozin"]
[Result "1-0"]
[WhiteElo "2207"]
[BlackElo "2316"]
[ECO "C55"]
[TimeControl "2700+45"]

1. e4 e5 2. Nf3 Nc6 3. Bc4 Nf6 4. d3 Be7 5. Nc3 O-O 6. O-O d6 7. h3 Kh8 8. a3
Ng8 9. Nd5 f5 10. Re1 f4 11. c3 Bf6 12. d4 Nh6 13. Qd3 g5 14. b4 g4 15. hxg4
Nxg4 16. b5 Nb8 17. a4 Bg7 18. a5 Nd7 19. Nb4 exd4 20. cxd4 Nc5 21. Qc2 Ne6 22.
Bb2 Ng5 23. Ra3 Nxf3+ 24. Rxf3 Bd7 25. a6 Rb8 26. e5 Bf5 27. Bd3 Bxd3 28. Nxd3
dxe5 29. dxe5 bxa6 30. Rh3 Nh6 31. Rxh6 Bxh6 32. e6+ Bg7 33. e7 Qd6 34. exf8=Q+
Rxf8 35. bxa6 Bxb2 36. Qxb2+ Kg8 37. Qb3+ Kg7 38. Qc3+ Kh6 39. Nc5 Kh5 {Black
resigns} 1-0

Hello, Leaguers. tantayo(C) has (C) on his handle. Per league statutes this game must be set a forfeit loss for tantayo(C)

[Event "Team 45 45 League T32"]
[Site "Internet Chess Club"]
[Date "2007.01.26"]
[Round "2"]
[White "GabGag"]
[Black "vaibhav"]
[Result "0-1"]
[WhiteElo "2090"]
[BlackElo "2233"]
[ECO "D31"]
[TimeControl "2700+45"]

1. d4 d5 2. c4 e6 3. Nc3 c6 4. Bf4 f5 5. Nf3 Nf6 6. h3 Be7 7. e3 Nbd7 8. Bd3 Ne4
9. Ne5 O-O 10. Qe2 Bb4 11. Bxe4 fxe4 12. O-O Be7 13. c5 Bf6 14. Ng4 Bxd4 15. Bd6
Bxc5 16. Bxf8 Nxf8 17. f3 exf3 18. Rxf3 Ng6 19. Rd1 e5 20. Nf2 Qg5 21. Nce4 dxe4
22. Nxe4 Nf4 23. Nxg5 Nxe2+ 24. Kf2 Nd4 25. exd4 Bxd4+ 26. Kg3 h6 27. Ne4 Be6
28. b3 Bd5 29. Re1 a5 30. Rd3 Rf8 31. h4 b5 32. Re2 a4 33. Nd2 axb3 34. axb3 c5
35. Kg4 c4 36. bxc4 bxc4 37. Rxe5 Bxe5 38. Rxd5 Rf4+ 39. Kh3 Rd4 40. Rxe5 Rxd2
41. Rc5 Rd4 42. Kg3 Kf7 43. h5 Ke6 44. Kf3 Kd6 45. Rc8 Kd5 46. Rc7 Rd3+ 47. Ke2
Rg3 48. Kf2 Rg5 49. Kf3 Kd4 50. g4 c3 51. Rd7+ Kc4 52. Rc7+ Rc5 {White resigns}
0-1

[Event "Team 45 45 League T32"]
[Site "Internet Chess Club"]
[Date "2007.01.28"]
[Round "2"]
[White "akdog3"]
[Black "M-Ayyad"]
[Result "1-0"]
[WhiteElo "2246"]
[BlackElo "2246"]
[ECO "B40"]
[TimeControl "2700+45"]

1. e4 c5 2. Nf3 e6 3. b3 Nc6 4. Bb5 Qf6 5. c3 Ne5 6. Be2 b6 7. O-O Bb7 8. d4
Nxf3+ 9. Bxf3 e5 10. Na3 a6 11. dxe5 Qxe5 12. Nc4 Qc7 13. e5 O-O-O 14. Re1 Kb8
15. Nd6 Bxf3 16. Qxf3 Bxd6 17. exd6 Qc6 18. Qd3 Nh6 19. Qxa6 Qxd6 20. g3 {Black
resigns} 1-0

[Event "Team 45 45 League T32"]
[Site "Internet Chess Club"]
[Date "2007.01.26"]
[Round "2"]
[White "kingcapture"]
[Black "postalex"]
[Result "0-1"]
[WhiteElo "2089"]
[BlackElo "2211"]
[ECO "B00"]
[TimeControl "2700+45"]

1. e4 Nc6 2. Nf3 d6 3. c3 Nf6 4. Qe2 g6 5. g3 Bg7 6. Bg2 O-O 7. O-O e5 8. d3 Re8
9. Nh4 d5 10. Na3 Bg4 11. f3 Be6 12. h3 Nh5 13. Kh2 Bf6 14. Qf2 Nxg3 15. Nf5
Nxf1+ 16. Bxf1 gxf5 17. Bh6 Kh8 18. Be2 Rg8 19. Rg1 Qe7 20. Nc2 Bh4 {White
resigns} 0-1

[Event "Team 45 45 League T32"]
[Site "Internet Chess Club"]
[Date "2007.01.28"]
[Round "2"]
[White "KingDestroyer"]
[Black "izit"]
[Result "1-0"]
[WhiteElo "2249"]
[BlackElo "2128"]
[ECO "B92"]
[TimeControl "2700+45"]

1. e4 c5 2. Nf3 d6 3. d4 cxd4 4. Nxd4 Nf6 5. Nc3 a6 6. Be2 e5 7. Nb3 Be7 8. Be3
Be6 9. Nd5 Nbd7 10. Nxe7 Qxe7 11. Bf3 O-O 12. Qd2 Rfc8 13. O-O Rc4 14. Rad1 Rac8
15. c3 Ne8 16. Be2 Rxe4 17. Bf3 Ra4 18. Nc1 e4 19. Be2 Bc4 20. b3 Bxe2 21. Nxe2
Ra5 22. c4 Rf5 23. Ng3 Re5 24. Bf4 Re6 25. Nf5 Qf6 26. Nd4 Re5 27. Bxe5 Nxe5 28.
f3 exf3 29. Nxf3 Ng4 30. h3 Nh6 31. Qd5 Qe7 32. Rfe1 Qc7 33. Re2 Kf8 34. Ng5
Qb6+ 35. Kh1 Kg8 36. Nxf7 Nxf7 37. Re7 Qf2 38. Qe6 Qf6 39. Rxe8+ {Black resigns}
1-0

[Event "Team 45 45 League T32"]
[Site "Internet Chess Club"]
[Date "2007.01.29"]
[Round "2"]
[White "Psychokinetic"]
[Black "syy89"]
[Result "0-1"]
[WhiteElo "2093"]
[BlackElo "2118"]
[ECO "B31"]
[TimeControl "2700+45"]

1. e4 c5 2. Nf3 Nc6 3. Bb5 g6 4. Bxc6 dxc6 5. O-O Bg7 6. Re1 e5 7. a3 Qe7 8. b4
cxb4 9. axb4 Bg4 10. Nc3 Nf6 11. b5 c5 12. d3 h6 13. h3 Bxf3 14. Qxf3 O-O 15.
Be3 b6 16. Ra6 c4 17. Rb1 cxd3 18. Rba1 Qb4 {White resigns} 0-1

[Event "Team 45 45 League T32"]
[Site "Internet Chess Club"]
[Date "2007.01.24"]
[Round "2"]
[White "HomerSimpson"]
[Black "f5"]
[Result "1/2-1/2"]
[WhiteElo "2267"]
[BlackElo "2258"]
[ECO "A00"]
[TimeControl "2700+45"]

1. b4 c6 2. Bb2 a5 3. b5 d5 4. e3 cxb5 5. Bxb5+ Bd7 6. a4 Bxb5 7. axb5 e6 8. Nf3
Nf6 9. O-O Nbd7 10. c4 Bd6 11. d4 dxc4 12. Qe2 O-O 13. Na3 Nb6 14. Rfc1 c3 15.
Bxc3 Nfd5 16. Nc4 Nxc4 17. Qxc4 Rc8 18. Qb3 Nxc3 19. Rxc3 Rxc3 20. Qxc3 Bb4 21.
Qc4 Qd5 22. Qxd5 exd5 23. Kf1 Rc8 24. Ra2 f6 25. Ke2 Kf7 26. Kd1 Ke6 27. Nd2
Bxd2 28. Kxd2 b6 29. Rc2 Rxc2+ 30. Kxc2 h5 31. Kd3 g5 32. Kc3 Kf5 33. f3 g4 34.
Kd3 h4 35. h3 gxf3 36. gxf3 Ke6 37. Kc3 Kd6 38. Kb3 Ke7 39. Ka3 Ke6 40. Kb3 f5
41. f4 Kf6 {Game drawn by mutual agreement} 1/2-1/2

[Event "Team 45 45 League T32"]
[Site "Internet Chess Club"]
[Date "2007.01.29"]
[Round "2"]
[White "trevor21"]
[Black "DTK"]
[Result "1-0"]
[WhiteElo "2181"]
[BlackElo "2157"]
[ECO "A57"]
[TimeControl "2700+45"]

1. d4 Nf6 2. c4 c5 3. d5 b5 4. cxb5 a6 5. f3 e6 6. e4 c4 7. Bxc4 axb5 8. Bxb5
Qb6 9. Nc3 Bc5 10. Nh3 O-O 11. Qe2 Ra5 12. dxe6 fxe6 13. a4 Nc6 14. Bd2 Nd4 15.
Qd3 Nb3 16. Rd1 Nxd2 17. Rxd2 d6 18. Na2 Ba6 19. b4 Bxb4 20. Nxb4 Bxb5 21. axb5
Rxb5 22. Nc2 Rc8 23. Nf2 Rb3 24. Qd4 Rxc2 25. Qxb6 Rc1+ 26. Ke2 {Black resigns}
1-0

[Event "Team 45 45 League T32"]
[Site "Internet Chess Club"]
[Date "2007.01.26"]
[Round "2"]
[White "shyguy"]
[Black "Kolibri"]
[Result "1-0"]
[WhiteElo "2341"]
[BlackElo "2038"]
[ECO "B04"]
[TimeControl "2700+45"]

1. e4 Nf6 2. e5 Nd5 3. d4 d6 4. Nf3 g6 5. Bc4 c6 6. O-O Bg7 7. exd6 Qxd6 8. Re1
O-O 9. Bg5 Be6 10. Bb3 Nd7 11. c4 N5f6 12. c5 Bxb3 13. Qxb3 Qd5 14. Rxe7 Qxb3
15. axb3 Rfd8 16. Nc3 h6 17. Bf4 Bf8 18. Re2 Nh5 19. Bc7 Rdc8 20. Be5 f6 21. Bg3
Kf7 22. Rae1 Nxg3 23. hxg3 Re8 24. b4 Rxe2 25. Rxe2 a6 26. d5 cxd5 27. Nxd5 a5
28. bxa5 Rxa5 29. b4 Ra1+ 30. Re1 Rxe1+ 31. Nxe1 Ke6 32. Nf4+ Kf5 33. f3 g5 34.
Nfd3 Ke6 35. Kf2 Kd5 36. Ke3 f5 37. Nc2 Bg7 38. Kd2 Bd4 39. Ke2 Bg1 40. f4 gxf4
41. gxf4 Ke4 42. Na3 Bh2 43. Nb5 Bxf4 44. Nxf4 Kxf4 45. Nd6 Ke5 46. Nxb7 Kd5 47.
Ke3 Kc6 48. Nd6 Nf6 49. Kd4 f4 50. b5+ Kc7 51. Ke5 Nd7+ 52. Kd5 Nf6+ 53. Ke6 Nd7
54. c6 Nc5+ 55. Kd5 Na4 56. Ne8+ Kd8 57. c7+ Kd7 58. Kc4 h5 59. Kb4 Nb6 60. Ka5
Nc8 61. Nf6+ Kxc7 62. Nxh5 f3 63. gxf3 Nd6 64. Ka6 Nc8 65. f4 Ne7 66. Nf6 Nf5
67. b6+ {Black resigns} 1-0